 Dungeon Sprint DCSS version 0.29-a0-962-gc8bbfd0a37 (webtiles) character file.

Game seed: 3609670385698976000

30513 mhtbhm the Shatterer (level 13, -6/102 HPs)
             Began as a Gargoyle Fighter on July 28, 2022.
             Was the Champion of Okawaru.
             Splashed by a goliath frog's acid (8 damage)
             ... in the Dungeon (Sprint IX: "|||||||||||||||||||||||||||||") on July 30, 2022.
             The game lasted 00:08:30 (4266 turns).

mhtbhm the Shatterer (Gargoyle Fighter)             Turns: 4266, Time: 00:08:30

Health: -6/102     AC: 27    Str: 27    XL:     13   Next: 52%
Magic:  13/13      EV: 13    Int: 11    God:    Okawaru [******]
Gold:   506        SH: 14    Dex:  9    Spells: 12/12 levels left

rFire   . . .      SeeInvis .   a - +2 demon whip (drain)
rCold   . . .      Faith    .   c - +2 kite shield
rNeg    + . .      Spirit   .   b - +3 scale mail of Osibenny {Str+4}
rPois   ∞          Reflect  .   (no helmet)
rElec   +          Harm     .   m - +0 cloak
rCorr   .          Rampage  .   x - +0 pair of gloves
Will    .....      NoTele   +   H - +1 pair of boots
Stlth   +.........              (no amulet)
HPRegen 0.27/turn               n - +2 ring of evasion
MPRegen 0.13/turn               o - +2 ring of protection

@: corroded, unable to drink
A: sickness immunity, AC +9, negative energy resistance 1, electricity
resistance, torment resistance 1, petrification resistance, inability to drink
while threatened 1
a: Renounce Religion, Heroism, Finesse


You were in the Dungeon.
You worshipped Okawaru.
Okawaru was exalted by your worship.
You visited 1 branch You collected 1933 gold pieces.
You spent 1427 gold pieces at shops.

Inventory:

Hand Weapons
 a - a +2 demon whip of draining (weapon)
Missiles
 y - 2 atropa-tipped darts (quivered)
Armour
 b - the +3 scale mail of Osibenny (worn) {Str+4}
   (Okawaru gifted it to you in the Dungeon)

   Str:       It affects your strength (+4).
 c - a +2 kite shield (worn)
 j - a +2 crystal plate armour
 m - a +0 cloak (worn)
 x - a +0 pair of gloves (worn)
 C - an orb of mayhem
 H - a +1 pair of boots (worn)
 I - a +0 buckler of fire resistance
Jewellery
 n - a +2 ring of evasion (left hand)
 o - a +2 ring of protection (right hand)
 D - a ring of protection from cold
 E - a ring of fire
 F - a ring of protection from cold
 G - a ring of willpower
Wands
 l - a wand of light (5)
Scrolls
 k - 2 scrolls of amnesia
 s - a scroll of fear
 t - a scroll of identify
 u - 2 scrolls of enchant weapon
 v - a scroll of butterflies
 w - 3 scrolls of enchant armour
Potions
 d - 2 potions of might
 e - 11 potions of curing
 f - a potion of invisibility
 g - 3 potions of haste
 h - 4 potions of magic
 i - 3 potions of heal wounds
 p - 4 potions of berserk rage
 q - 2 potions of resistance
 r - 2 potions of attraction
 z - 2 potions of flight
 A - 2 potions of brilliance
 B - 2 potions of lignification


   Skills:
 + Level 20.5 Fighting
 + Level 21.8 Maces & Flails
 + Level 1.8 Throwing
 + Level 15.8 Armour
 + Level 7.4 Dodging
 + Level 4.1 Stealth
 + Level 14.0 Shields
 + Level 1.8 Evocations


You had 12 spell levels left.
You didn't know any spells.
Your spell library was empty.

Dungeon Overview and Level Annotations

Branches:
Dungeon (1/1)

Altars:
Cheibriados
Dithmenos
Elyvilon
Fedhas
Gozag
Hepliaklqana
Kikubaaqudgha
Makhleb
Nemelex Xobeh
Okawaru
Qazlal
Ru
Sif Muna
Trog
Uskayaw
Vehumet
Wu Jian
Xom
Yredelemnul
Zin
The Shining One
Jiyva
Lugonu

Shops:
D [!(


Innate Abilities, Weirdness & Mutations

You are immune to sickness and miasma.
Your stone body is resilient. (AC +9)
You are immune to poison.
You resist negative energy. (rN+)
You are resistant to electric shocks. (rElec)
You are resistant to unholy torment.
You are immune to petrification.
You occasionally lose the ability to drink potions when taking damage.


Message History

The bunyip howls a warning cry!
You hear an angry squeal.
Unknown command.
You closely miss the tyrant leech.
The tyrant leech is heavily wounded.
You hear an angry squeal. x2; You hear a shout!
You hear an angry squeal.
You thrash the tyrant leech!!
The tyrant leech is severely wounded.
The goliath frog hits you from afar! The acid corrodes you!
You are splashed with acid!
* * * LOW HITPOINT WARNING * * *
You block the tyrant leech's attack.
You hit the tyrant leech. You drain the tyrant leech.
The tyrant leech is almost dead.
The goliath frog misses you.
You whack the tyrant leech!
You kill the tyrant leech!
Okawaru accepts your kill.
Unknown command.
Aiming: Bolt of Light
Press: ? - help, Shift-Dir - straight line, f - goliath frog
Aim: a goliath frog (almost dead, 50% to hit)
The bolt of light misses the goliath frog.
The bolt of light hits the five-headed hydra!!
The five-headed hydra is severely wounded.
The five-headed hydra is blinded.
The bolt of light hits the spriggan druid!
With its final breath, the spriggan druid offers up its power to the beasts of the wild!
The five-headed hydra is healed.
The goliath frog is healed.
The five-headed hydra seems to grow more fierce.
The goliath frog seems to grow more fierce.
You kill the spriggan druid!
Okawaru accepts your kill.
The forest abruptly stops moving.
The bolt of light hits the bunyip!
The bunyip is lightly wounded.
The bunyip is blinded.
The goliath frog hits you from afar!!
You feel threatened and lose the ability to drink potions!
* * * LOW HITPOINT WARNING * * *
You are splashed with acid!
You die...

♣♣♣♣♣♣♣▓▓▓▓▓▓▓▓▓▓▓▓▓▓▓▓▓▓
(.†.xDF.@.......'....†.))
▓▓▓▓▓♣♣♣♣♣♣♣♣♣♣▓▓▓▓▓▓▓▓▓▓▓▓▓▓▓▓▓▓
.................†......[.....†..
▓▓▓▓▓▓▓▓▓▓▓▓▓▓▓▓▓▓▓▓▓▓▓▓▓▓▓▓▓▓▓▓▓
...÷(†['..........[[[.[[[[.))))))
▓▓▓▓▓▓▓▓▓▓▓▓▓▓▓▓▓▓▓▓▓▓▓▓▓▓▓▓▓▓▓▓▓
.................................
▓▓▓▓▓▓▓▓▓▓▓▓▓▓▓▓▓▓▓▓▓▓▓▓▓▓▓▓▓▓▓▓▓
.∩)∩..)))).....))))))['[.....))))


You could see a bunyip (blind), a five-headed hydra (strong, blind) and a
goliath frog (strong).

Vanquished Creatures
  Donald (D)
  A fire giant (D)
  A ghost moth (D)
  A stone giant (D)
  An entropy weaver (D)
  2 merfolk javelineers (D)
  An ettin (D)
  A fire dragon (D)
  Erolcha (D)
  2 boulder beetles (D)
  An ice dragon (D)
  2 hydras (D)
  A radroach (D)
  4 centaur warriors (D)
  A merfolk aquamancer (D)
  A deep troll shaman (D)
  4 orc high priests (D)
  A spriggan druid (D)
  A steelbarb worm (D)
  A glowing orange brain (D)
  3 orc knights (D)
  A deep elf pyromancer (D)
  A wizard (D)
  2 orc sorcerers (D)
  A cyclops (D)
  2 manticores (D)
  An elephant (D)
  A black mamba (D)
  A water nymph (D)
  Psyche (D)
  2 cane toads (D)
  A komodo dragon (D)
  A komodo dragon (shapeshifter) (D)
  2 demonic crawlers (D)
  A bloated husk (D)
  2 polar bears (D)
  A tyrant leech (D)
  A merfolk (D)
  A snapping turtle (D)
  A wraith (D)
  2 water elementals (D)
  4 yaks (D)
  A shadow (D)
  A wyvern (D)
  A basilisk (D)
  A steam dragon (D)
  A redback (D)
  An acid dragon (D)
  6 water moccasins (D)
  3 wargs (D)
  A hell hound (D)
  8 orc warriors (D)
  4 wolves (D)
  3 centaurs (D)
  A howler monkey (D)
  A jelly (D)
  2 orc priests (D)
  2 orc wizards (D)
  An iguana (D)
  An adder (D)
  A shadow imp (D)
  An adder simulacrum (D)
  17 orcs (D)
  An endoplasm (D)
  2 hobgoblins (D)
  A quokka (D)
  A rat (D)
125 creatures vanquished.

Vanquished Creatures (others)
  A hydra (D)
1 creature vanquished.

Grand Total: 126 creatures vanquished

Notes
Turn   | Place    | Note
-------+----------+-------------------------------------------
     0 | D        | mhtbhm the Gargoyle Fighter began the quest for the Orb.
     0 | D        | Reached XP level 1. HP: 14/14 MP: 1/1
    27 | D        | Noticed an iguana
    27 | D        | Noticed a jelly
    33 | D        | Reached XP level 2. HP: 20/20 MP: 2/2
    36 | D        | Reached skill level 5 in Fighting
    36 | D        | Reached skill level 3 in Maces & Flails
    36 | D        | Reached skill level 5 in Armour
    36 | D        | Reached XP level 3. HP: 26/26 MP: 3/3
    39 | D        | Reached skill level 5 in Shields
    41 | D        | HP: 1/27 [iguana (10)]
    47 | D        | Reached skill level 4 in Maces & Flails
    47 | D        | Reached XP level 4. HP: 13/32 MP: 4/4
   223 | D        | Found a snail-covered altar of Cheibriados.
   223 | D        | Found a shadowy altar of Dithmenos.
   223 | D        | Found a white marble altar of Elyvilon.
   223 | D        | Found a blossoming altar of Fedhas.
   223 | D        | Found an opulent altar of Gozag.
   224 | D        | Found a hazy altar of Hepliaklqana.
   225 | D        | Found a viscous altar of Jiyva.
   226 | D        | Found an ancient bone altar of Kikubaaqudgha.
   227 | D        | Found a corrupted altar of Lugonu.
   228 | D        | Found a burning altar of Makhleb.
   229 | D        | Found a sparkling altar of Nemelex Xobeh.
   230 | D        | Found an iron altar of Okawaru.
   231 | D        | Found a stormy altar of Qazlal.
   232 | D        | Found a sacrificial altar of Ru.
   233 | D        | Found a shimmering blue altar of Sif Muna.
   234 | D        | Found a bloodstained altar of Trog.
   235 | D        | Found a hide-covered altar of Uskayaw.
   238 | D        | Found a radiant altar of Vehumet.
   239 | D        | Found an ornate altar of the Wu Jian Council.
   240 | D        | Became a worshipper of Warmaster Okawaru
   241 | D        | Found a shimmering altar of Xom.
   242 | D        | Found a basalt altar of Yredelemnul.
   243 | D        | Found a glowing silver altar of Zin.
   244 | D        | Found a glowing golden altar of the Shining One.
   299 | D        | Noticed a shadow
   299 | D        | Noticed a centaur
   299 | D        | Noticed a yak
   299 | D        | Noticed a centaur
   299 | D        | Noticed a wyvern
   305 | D        | Killed a wyvern
   305 | D        | Reached * piety under Okawaru
   306 | D        | Reached skill level 6 in Maces & Flails
   306 | D        | Reached XP level 5. HP: 28/38 MP: 5/5
   307 | D        | Reached skill level 7 in Maces & Flails
   307 | D        | Reached XP level 6. HP: 33/44 MP: 6/6
   309 | D        | Reached skill level 1 in Dodging
   316 | D        | Killed a yak
   317 | D        | Reached skill level 9 in Maces & Flails
   317 | D        | Reached XP level 7. HP: 27/50 MP: 7/7
   322 | D        | Reached ** piety under Okawaru
   330 | D        | Killed a shadow
   331 | D        | Reached skill level 10 in Maces & Flails
   522 | D        | Noticed a cyclops
   522 | D        | Noticed a centaur warrior
   522 | D        | Noticed a wraith
   522 | D        | Noticed a centaur warrior
   528 | D        | Killed a centaur warrior
   529 | D        | Reached skill level 12 in Maces & Flails
   529 | D        | Reached skill level 10 in Armour
   529 | D        | Reached XP level 8. HP: 41/57 MP: 8/8
   532 | D        | Reached *** piety under Okawaru
   535 | D        | Killed a wraith
   541 | D        | Killed a centaur warrior
   541 | D        | Reached **** piety under Okawaru
   542 | D        | Reached skill level 10 in Fighting
   542 | D        | Reached skill level 13 in Maces & Flails
   542 | D        | Reached XP level 9. HP: 46/63 MP: 9/9
   554 | D        | Killed a cyclops
   555 | D        | Reached skill level 14 in Maces & Flails
   800 | D        | Noticed a cane toad
   800 | D        | Noticed a polar bear
   800 | D        | Noticed a cane toad
   801 | D        | Noticed a black mamba
   806 | D        | Killed a cane toad
   808 | D        | Noticed a polar bear
   820 | D        | Killed a polar bear
   824 | D        | Reached ***** piety under Okawaru
   825 | D        | Reached skill level 15 in Maces & Flails
   825 | D        | Reached XP level 10. HP: 36/70 MP: 10/10
   834 | D        | Killed a cane toad
   839 | D        | Killed a black mamba
   850 | D        | Received a gift from Okawaru
   860 | D        | Reached skill level 16 in Maces & Flails
  1090 | D        | Noticed an elephant
  1093 | D        | Noticed a four-headed hydra
  1096 | D        | Killed an elephant
  1097 | D        | Reached skill level 1 in Stealth
  1118 | D        | Killed a four-headed hydra
  1119 | D        | Reached skill level 17 in Maces & Flails
  1145 | D        | Reached XP level 11. HP: 78/78 MP: 11/11
  1167 | D        | Reached skill level 10 in Shields
  1222 | D        | Noticed Psyche
  1230 | D        | Killed Psyche
  1389 | D        | Noticed an ettin
  1396 | D        | Noticed an orc knight
  1400 | D        | Killed an ettin
  1400 | D        | Identified the +1 broad axe of the Sage {vorpal, +Blink
                  | Dex+6} (Okawaru gifted it to you in the Dungeon)
  1400 | D        | Received a gift from Okawaru
  1401 | D        | Reached skill level 18 in Maces & Flails
  1417 | D        | Killed an orc knight
  1497 | D        | Noticed an orc knight
  1528 | D        | Killed an orc knight
  1538 | D        | Reached skill level 15 in Fighting
  1673 | D        | Found Bujakoni's Antique Weapon Boutique.
  1673 | D        | Noticed an orc sorcerer
  1673 | D        | Noticed an orc high priest
  1674 | D        | Noticed an orc knight
  1685 | D        | Noticed an orc sorcerer
  1689 | D        | Killed an orc high priest
  1689 | D        | Reached ****** piety under Okawaru
  1700 | D        | Gained mutation: You occasionally lose the ability to drink
                  | potions when taking damage. [a neqoxec]
  1703 | D        | Found Lufepper's Distillery.
  1712 | D        | Noticed an orc high priest
  1716 | D        | Killed an orc knight
  1717 | D        | Reached skill level 19 in Maces & Flails
  1719 | D        | Noticed a soul eater
  1729 | D        | HP: 1/82 [something (10)]
  1906 | D        | Killed an orc sorcerer
  1906 | D        | Received a gift from Okawaru
  1956 | D        | Killed an orc sorcerer
  2166 | D        | Found Ycwor's Armour Boutique.
  2168 | D        | Found Goduc's Distillery.
  2177 | D        | Killed an orc high priest
  2177 | D        | Identified the +3 scale mail of Osibenny {Str+4} (Okawaru
                  | gifted it to you in the Dungeon)
  2177 | D        | Received a gift from Okawaru
  2178 | D        | Noticed an orc high priest
  2181 | D        | Noticed an orc high priest
  2186 | D        | Killed an orc high priest
  2197 | D        | Killed an orc high priest
  2198 | D        | Reached XP level 12. HP: 69/89 MP: 12/12
  2232 | D        | Bought a potion of curing for 36 gold pieces
  2232 | D        | Bought a potion of attraction for 36 gold pieces
  2232 | D        | Bought a potion of berserk rage for 60 gold pieces
  2232 | D        | Bought a potion of berserk rage for 60 gold pieces
  2248 | D        | Bought a +1 buckler of positive energy for 175 gold pieces
  2255 | D        | Bought a potion of resistance for 100 gold pieces
  2255 | D        | Bought a potion of curing for 30 gold pieces
  2255 | D        | Bought a potion of haste for 100 gold pieces
  2255 | D        | Bought a potion of berserk rage for 50 gold pieces
  2261 | D        | Bought a faintly glowing whip for 217 gold pieces
  2261 | D        | Identified the +8 whip of a Million Dances {venom, Fly
                  | Will+ Str+2 Dex-5} (You bought it in a shop in the Dungeon)
  2268 | D        | Bought a potion of flight for 30 gold pieces
  2268 | D        | Bought a potion of brilliance for 40 gold pieces
  2268 | D        | Bought a potion of brilliance for 40 gold pieces
  2268 | D        | Bought a potion of lignification for 30 gold pieces
  2268 | D        | Bought a potion of lignification for 30 gold pieces
  2270 | D        | Bought an orb of mayhem for 169 gold pieces
  2272 | D        | Bought a potion of flight for 36 gold pieces
  2274 | D        | Bought a runed flail for 188 gold pieces
  2334 | D        | Noticed Erolcha
  2344 | D        | Killed Erolcha
  2345 | D        | Reached skill level 5 in Dodging
  2552 | D        | Noticed a centaur warrior
  2552 | D        | Noticed a centaur warrior
  2552 | D        | Noticed a four-headed hydra
  2561 | D        | Killed a four-headed hydra
  2568 | D        | Killed a centaur warrior
  2569 | D        | Noticed a fire giant
  2575 | D        | Reached skill level 20 in Maces & Flails
  2575 | D        | Noticed a two-headed ogre
  2575 | D        | a redback changed into a two-headed ogre
  2585 | D        | a two-headed ogre changed into a swamp dragon
  2585 | D        | Noticed a deep troll shaman
  2590 | D        | Noticed an ice dragon
  2592 | D        | Killed a fire giant
  2595 | D        | Killed a centaur warrior
  2612 | D        | Noticed a fire dragon
  2615 | D        | Killed a deep troll shaman
  2616 | D        | Noticed a stone giant
  2861 | D        | Killed an ice dragon
  2862 | D        | Reached skill level 1 in Throwing
  2863 | D        | Killed a fire dragon
  2881 | D        | Killed a stone giant
  2883 | D        | Received a gift from Okawaru
  2891 | D        | Reached skill level 15 in Armour
  3041 | D        | Noticed Donald
  3063 | D        | Killed Donald
  3193 | D        | Noticed a merfolk aquamancer
  3193 | D        | Noticed a merfolk javelineer
  3193 | D        | Noticed a merfolk javelineer
  3200 | D        | Killed a merfolk aquamancer
  3201 | D        | Reached skill level 21 in Maces & Flails
  3201 | D        | Reached XP level 13. HP: 91/100 MP: 13/13
  3201 | D        | Upgraded the game from 0.29-a0-923-g6e406bff71 to
                  | 0.29-a0-962-gc8bbfd0a37
  3219 | D        | Killed a merfolk javelineer
  3227 | D        | Killed a merfolk javelineer
  3265 | D        | Reached skill level 1 in Evocations
  3533 | D        | Noticed an entropy weaver
  3541 | D        | Killed a ghost moth
  3576 | D        | HP: 2/101 [boulder beetle (39)]
  4033 | D        | Killed an entropy weaver
  4117 | D        | Received a gift from Okawaru
  4256 | D        | Noticed a bunyip
  4266 | D        | HP: 2/102 [goliath frog (27)]
  4266 | D        | Splashed by a goliath frog's acid

Illustrated notes

Levels and vault maps discovered:
D:        linesprint [early_d, line_temple, items_1, d_10, items_2, lair_1,
          lair_end, items_3, orc_1, orc_end, items_4, d_15, swamp_1, shoals_1,
          snake_1, spider_1, d_20, vaults_1, items_5, swamp_end, shoals_end,
          snake_end, spider_end, vaults_end, d_27, items_6, zot_1, zot_end,
          crypt_end, forest_end, elf_end, slime_end, tomb_end, abyss_end,
          pan_hell_end]

Skill      XL: |  1  2  3  4  5  6  7  8  9 10 11 12 13 |
---------------+----------------------------------------+-----
Armour         | 4 5 7 8 10 11 12 13 14 15 | 15.8
Fighting       | 4 5 6 7 8 9 10 11 13 16 19 20 | 20.5
Shields        | 4 5 6 7 8 9 11 12 14 | 14.0
Maces & Flails | 3 4 6 7 9 12 13 15 17 19 21 | 21.8
Dodging        | 1 2 3 4 6 7 |  7.4
Stealth        | 1 3 4 |  4.1
Throwing       | 1 |  1.8
Evocations     | 1 |  1.8

Action                   |  1- 3 |  4- 6 |  7- 9 | 10-12 | 13-15 || total
-------------------------+-------+-------+-------+-------+-------++-------
Melee: Flail             |    33 |     1 |       |       |       ||    34
       Morningstar       |       |    16 |    67 |    34 |       ||   117
       Demon whip        |       |       |       |   378 |   136 ||   514
Throw: Dart              |       |       |       |     1 |     3 ||     4
       Javelin           |       |       |       |       |     2 ||     2
Evoke: Wand              |       |       |       |     1 |     4 ||     5
  Use: Potion            |     2 |       |       |     3 |       ||     5
       Scroll            |       |       |       |     3 |     4 ||     7
 Stab: Invisible         |       |       |       |       |     1 ||     1
Armor: Scale mail        |    14 |       |       |    47 |    48 ||   109
       Chain mail        |       |     8 |    55 |    75 |       ||   138
Dodge: Dodged            |    14 |    10 |    30 |    81 |    46 ||   181
Block: Buckler           |     7 |     5 |    16 |    55 |       ||    83
       Kite shield       |       |       |       |     5 |    57 ||    62

Table legend: (Time is in decaauts)
 A = Elapsed time spent in this place.
 B = Non-inter-level travel time spent in this place.
 C = Inter-level travel time spent in this place.
 D = Time resting spent in this place.
 E = Time spent auto-exploring this place.
 F = Levels seen in this place.
 G = Mean time per level.
                   A        B        C        D        E       F      G
               +--------+--------+--------+--------+--------+-----+--------+
         Total |   4039 |   4039 |      0 |   1713 |   1136 |   1 | 4039.0 |
       Dungeon |   4039 |   4039 |      0 |   1713 |   1136 |   1 | 4039.0 |
               +--------+--------+--------+--------+--------+-----+--------+

Top non-repeatable levels by time:
       D: 4039 daAuts
